 Dungeon Crawl Stone Soup version 0.29.0-4-gdea44cf6ec (webtiles) character file.

Game seed: 6640838444489027403

221 qw the Sneak (level 5, -2/33 HPs)
             Began as a Gargoyle Delver on Sept 10, 2022.
             Slain by a gnoll
             ... wielding a +0 halberd
              (7 damage)
             ... on level 3 of the Dungeon.
             The game lasted 00:01:33 (4025 turns).

qw the Sneak (Gargoyle Delver)                      Turns: 4025, Time: 00:01:33

Health: -2/33      AC: 12    Str: 17    XL:     5   Next: 98%
Magic:  5/5        EV:  9    Int: 11    God:
Gold:   270        SH:  0    Dex: 11    Spells: 4/4 levels left

rFire   . . .      SeeInvis .   Y - +0 hand axe
rCold   . . .      Faith    .   (no shield)
rNeg    + . .      Spirit   .   a - +0 scale mail
rPois   inf        Reflect  .   d - +1 helmet
rElec   +          Harm     .   (no cloak)
rCorr   .          Rampage  .   (no gloves)
Will    .....                   (no boots)
Stlth   +.........              (no amulet)
HPRegen 0.11/turn               (no ring)
MPRegen 0.09/turn               (no ring)

@: no status effects
A: sickness immunity, AC +4, negative energy resistance 1, electricity
resistance, torment resistance 1, petrification resistance
a: no special abilities


You were on level 3 of the Dungeon.
You visited 1 branch of the dungeon, and saw 5 of its levels.

You collected 270 gold pieces.


Innate Abilities, Weirdness & Mutations

You are immune to sickness and miasma.
Your stone body is resilient. (AC +4)
You are immune to poison.
You resist negative energy. (rN+)
You are resistant to electric shocks. (rElec)
You are resistant to unholy torment.
You are immune to petrification.


   Skills:
 + Level 3.7 Fighting
 - Level 5.1 Axes
 - Level 1.1 Armour
 - Level 1.5 Dodging
 - Level 5.4 Stealth


You had 4 spell levels left.
You didn't know any spells.
Your spell library was empty.

Inventory:

Hand Weapons
 b - a +0 flail
 Y - a +0 hand axe (weapon)
Armour
 a - a +0 scale mail (worn)
 c - a +2 helmet
 d - a +1 helmet (worn)
Wands
 g - a wand of digging (3)
Scrolls
 h - a scroll of enchant armour {unknown}
Potions
 e - a potion of flight {unknown}
 f - a potion of haste
 k - a potion of curing {unknown}
 m - a potion of might {unknown}

Dungeon Overview and Level Annotations

Branches:
Dungeon (5/15)
 Temple: D:4-7

Altars:
Hepliaklqana


Message History

A gnoll comes into view. It is wielding a +0 spear.
The gnoll shouts!
A gnoll comes into view. It is wielding a +0 club.
4010 ||| Stepping ~*~*~tactically~*~*~ (hiding).
4011 ||| Stepping ~*~*~tactically~*~*~ (hiding).
You see here a staff of fire.
4012 ||| Stepping ~*~*~tactically~*~*~ (hiding).
4013 ||| Stepping ~*~*~tactically~*~*~ (hiding).
The gnoll closely misses you.
You see here a staff of fire.
The gnoll shouts!
The gnoll closely misses you.
The gnoll shouts!
You hit the gnoll.
The gnoll is moderately wounded.
The gnoll hits you but does no damage.
You barely miss the gnoll.
The gnoll is moderately wounded.
The gnoll barely misses you.
You completely miss the gnoll.
The gnoll is moderately wounded.
The gnoll hits you with a +0 spear.
You closely miss the gnoll.
The gnoll is moderately wounded.
The gnoll hits you with a +0 spear.
The gnoll hits you from afar with a +0 halberd!
You slash the gnoll!
The gnoll is almost dead.
The gnoll hits you with a +0 spear. The gnoll misses you.
You hit the gnoll.
You kill the gnoll!
The gnoll hits you from afar with a +0 halberd!
You feel your dexterity returning. The gnoll hits you with a +0 halberd.
You hit the gnoll. You punch the gnoll, but do no damage.
The gnoll is moderately wounded.
You hit the gnoll.
The gnoll is heavily wounded.
The gnoll hits you with a +0 halberd!
You die...

#............# #
#.##########.# # #.#
..#.# ## #.# #.#.# ##.
##.# #.#.############..
#..# #.#...............
#### #|#######.######..
##.## #.## ##. #g@.#
#..## ##
###g#.######...######
#...#...............¤
#.####.......~.....~.
.....#........~...~~~~
.###..#.......~~~~.~~~~
. #..........~~~~~~~~~
#g
##.###.....~~¤~¤~~~~~ #
#.
##..........~~~¤~~~~~.


You could see 2 gnolls.

Vanquished Creatures
  Jessica (D:2)
  3 orc wizards (D:3)
  A gnoll (D:3)
  5 adders
  A worm (D:3)
  A dart slug (D:1)
  5 orcs
  5 bats
  8 endoplasms
  5 giant cockroaches
  5 goblins
  5 hobgoblins
  6 ball pythons
  10 frilled lizards
  4 kobolds
  2 rats
67 creatures vanquished.

Vanquished Creatures (others)
  4 plants (D:1)
4 creatures vanquished.

Grand Total: 71 creatures vanquished

Notes
Turn   | Place    | Note
-------+----------+-------------------------------------------
     0 | D:5      | qw the Gargoyle Delver began the quest for the Orb.
     0 | D:5      | Reached XP level 1. HP: 14/14 MP: 1/1
     0 | D:5      | 0 ||| qw: Version: 0.1-a-116-g5d60599
     0 | D:5      | 0 ||| qw: Game counter: 9041
     0 | D:5      | 0 ||| qw: Always use a shield: true
     0 | D:5      | 0 ||| qw: God list: Okawaru
     0 | D:5      | 0 ||| qw: Allow faded altars: false
     0 | D:5      | 0 ||| qw: Do Orc after D:15 true
     0 | D:5      | 0 ||| qw: Do second Lair branch before Depths: true
     0 | D:5      | 0 ||| qw: Lair rune preference: random
     0 | D:5      | 0 ||| qw: Plans: Normal
     0 | D:5      | 0 ||| PLANNING D:1-11
    11 | D:5      | 11 ||| DROPPING scroll of fog.
    12 | D:5      | 12 ||| DROPPING scroll of magic mapping.
    13 | D:5      | 13 ||| DROPPING scroll of fear.
    60 | D:4      | Reached XP level 2. HP: 19/19 MP: 2/2
    83 | D:3      | 83 ||| Stepping ~*~*~tactically~*~*~ (hiding).
   209 | D:3      | 209 ||| Stepping ~*~*~tactically~*~*~ (stealth).
   257 | D:3      | 257 ||| Stepping ~*~*~tactically~*~*~ (stealth).
   573 | D:2      | Reached skill level 3 in Axes
   573 | D:2      | 573 ||| UPGRADING to +1 helmet.
   687 | D:1      | Reached XP level 3. HP: 22/23 MP: 3/3
   843 | D:1      | 843 ||| Stepping ~*~*~tactically~*~*~ (hiding).
   945 | D:1      | 945 ||| Stepping ~*~*~tactically~*~*~ (hiding).
  1633 | D:1      | You fall into a shaft and drop 1 floor!
  1668 | D:2      | 1668 ||| UPGRADING to +0 ring mail.
  1678 | D:2      | 1678 ||| DROPPING +0 leather armour.
  1679 | D:2      | 1679 ||| READING scroll labelled XOUSOO WONUUS.
  1680 | D:2      | 1680 ||| READING scroll labelled VOSIOMUSCHUIQI.
  1681 | D:2      | 1681 ||| READING scroll labelled BECERO JYTA.
  1682 | D:2      | 1682 ||| DRINKING 2 dark potions.
  1683 | D:2      | 1683 ||| DRINKING 2 puce potions.
  1684 | D:2      | 1684 ||| DROPPING potion of degeneration.
  1981 | D:1      | 1981 ||| UPGRADING to +0 scale mail.
  1991 | D:1      | 1991 ||| DROPPING +0 ring mail.
  2065 | D:2      | 2065 ||| Stepping ~*~*~tactically~*~*~ (hiding).
  2069 | D:2      | 2069 ||| Stepping ~*~*~tactically~*~*~ (hiding).
  2196 | D:2      | Found a hazy altar of Hepliaklqana.
  2218 | D:2      | Reached skill level 1 in Armour
  2218 | D:2      | Reached XP level 4. HP: 28/28 MP: 4/4
  2280 | D:2      | 2280 ||| Stepping ~*~*~tactically~*~*~ (stealth).
  2281 | D:2      | 2281 ||| Stepping ~*~*~tactically~*~*~ (stealth).
  2282 | D:2      | 2282 ||| Stepping ~*~*~tactically~*~*~ (stealth).
  2283 | D:2      | 2283 ||| Stepping ~*~*~tactically~*~*~ (stealth).
  2284 | D:2      | 2284 ||| Stepping ~*~*~tactically~*~*~ (stealth).
  2462 | D:2      | Found a faded altar of an unknown god.
  2466 | D:2      | Noticed Jessica
  2467 | D:2      | 2467 ||| READING scroll labelled VUTOPA CUACW.
  2492 | D:2      | Killed Jessica
  2947 | D:2      | 2947 ||| READING scroll labelled BAPPANIYJU.
  2948 | D:2      | 2948 ||| DRINKING 3 smoky clear potions.
  2994 | D:2      | 2994 ||| DROPPING 2 potions of lignification.
  3046 | D:3      | 3046 ||| Stepping ~*~*~tactically~*~*~ (hiding).
  3083 | D:3      | Reached XP level 5. HP: 19/32 MP: 5/5
  3084 | D:3      | 3084 ||| FLEEEEING.
  3085 | D:3      | 3085 ||| STAIRDANCE
  3213 | D:3      | 3213 ||| Stepping ~*~*~tactically~*~*~ (stealth).
  3315 | D:3      | 3315 ||| DROPPING +0 club.
  3468 | D:3      | 3468 ||| Stepping ~*~*~tactically~*~*~ (stealth).
  3493 | D:3      | HP: 6/32 [adder (3)]
  3493 | D:3      | HP: 2/32 [worm (1)]
  3494 | D:3      | 3494 ||| DRINKING potion of heal wounds.
  4010 | D:3      | 4010 ||| Stepping ~*~*~tactically~*~*~ (hiding).
  4011 | D:3      | 4011 ||| Stepping ~*~*~tactically~*~*~ (hiding).
  4012 | D:3      | 4012 ||| Stepping ~*~*~tactically~*~*~ (hiding).
  4013 | D:3      | 4013 ||| Stepping ~*~*~tactically~*~*~ (hiding).
  4023 | D:3      | HP: 5/33 [gnoll/+0 halberd (6)]
  4025 | D:3      | Slain by a gnoll

Levels and vault maps discovered:
D:1:      elethiomel_arrival_shortcut, layout_basic, minmay_lizard_king
D:2:      layout_basic, basic_altar, shapermc_ecumenical_altar_notcrosses,
          chequers_serial_rivers_room_b, uniq_jessica
D:3:      layout_loops_ring, kennysheep_vampire_church, lemuel_old_faithful
D:4:      layout_loops_corners, minitemple,
          mainiacjoe_overflow_concentric_impassable, minmay_misc_feat_encased,
          nicolae_hexahallways
D:5:      layout_rooms, kennysheep_generic_room_16, uniq_menkaure

Skill      XL: |  1  2  3  4  5 |
---------------+----------------+-----
Axes           | 2 3 4 5 |  5.1
Armour         | 1 |  1.1
Fighting       | |  3.7
Dodging        | |  1.5
Stealth        | |  5.4

Action                   |  1- 3 |  4- 6 || total
-------------------------+-------+-------++-------
Melee: Hand axe          |   125 |   163 ||   288
       Punch             |       |     2 ||     2
  Use: Scroll            |     3 |     2 ||     5
       Potion            |     2 |     2 ||     4
 Stab: Sleeping          |     3 |       ||     3
Armor: Leather armour    |    52 |       ||    52
       Scale mail        |     5 |   113 ||   118
       Ring mail         |     4 |       ||     4
Dodge: Dodged            |    64 |    68 ||   132

Table legend:
 A = Non-vault XP
 B = Vault XP
 C = Vault XP percentage of total XP
 D = Non-vault monster count
 E = Vault monster count
 F = Vault count percentage of total count
                 A         B        C        D         E       F
            +---------+---------+-------+---------+---------+-------
      Total |     272 |      44 |  13.9 |      59 |       8 |  11.9
            +---------+---------+-------+---------+---------+-------
        D:1 |      40 |       7 |  14.9 |      23 |       7 |  23.3
        D:2 |      36 |      37 |  50.7 |      12 |       1 |   7.7
        D:3 |     181 |       0 |   0.0 |      22 |       0 |   0.0
        D:4 |      15 |       0 |   0.0 |       2 |       0 |   0.0
            +---------+---------+-------+---------+---------+-------
